 Dungeon Crawl Stone Soup version 0.18-b1-10-g3f7de93 (webtiles) character file.

258 MTVSty1e the Covered (level 6, 0/53 HPs)
             Began as a Hill Orc Fighter on Apr 29, 2016.
             Slain by Pikel
             ... wielding a +2 whip of electrocution
              (6 damage)
             ... while paralysed
             ... on level 4 of the Dungeon.
             The game lasted 00:17:27 (4088 turns).

MTVSty1e the Covered (Hill Orc Fighter)             Turns: 4088, Time: 00:17:28

Health: 0/53       AC:  8    Str: 21    XL:     6   Next: 16%
Magic:  6/6        EV:  2    Int:  8    God:
Gold:   228        SH:  0    Dex: 14    Spells: 0 memorised, 5 levels left

rFire  + . .     SeeInvis .     f - +4 quarterstaff (chaos)
rCold  + + .     Gourm    .     b - +0 scale mail
rNeg   . . .     Faith    .     (shield currently unavailable)
rPois  +         Spirit   .     (no helmet)
rElec  +         Dismiss  .     h - +0 cloak
rCorr  +         Reflect  .     (no gloves)
SustAt .         Harm     .     (no boots)
MR     .....                    (no amulet)
Stlth  ..........               q - +4 ring of dexterity
                                l - ring of protection from cold

@: paralysed, resistant, fainting, not resistant to hostile enchantments,
extremely unstealthy
A: no striking features
a: no special abilities


You were on level 4 of the Dungeon.
You were fainting.

You visited 1 branch of the dungeon, and saw 4 of its levels.

You collected 228 gold pieces.

Inventory:

Hand Weapons
 a - a +0 long sword
 f - a +4 quarterstaff of chaos (weapon)
 k - a +0 hunting sling
Armour
 b - a +0 scale mail (worn)
 c - a +1 shield
 e - a +0 cloak
 h - a +0 cloak (worn)
Jewellery
 l - a ring of protection from cold (left hand)
 q - a +4 ring of dexterity (right hand)
 v - an uncursed ring of positive energy
Wands
 s - a wand of flame (19/48)
Scrolls
 d - 3 scrolls of remove curse
 g - a scroll of fear
 m - a scroll of enchant armour
 p - a scroll of noise {unknown}
 u - a scroll of amnesia {unknown}
Potions
 j - 2 potions of degeneration {unknown}
 o - a potion of agility {unknown}
 r - a potion of curing {unknown}
 t - a potion of haste {unknown}
Comestibles
 i - a bread ration


   Skills:
 + Level 4.7 Fighting
 - Level 3.1 Long Blades
 * Level 1.1 Staves
 * Level 5.0 Armour
 + Level 1.2 Dodging
 + Level 0.1 Stealth
 - Level 4.2 Shields


You had 5 spell levels left.
You didn't know any spells.

Dungeon Overview and Level Annotations

Branches:
Dungeon (4/15)
 Temple: D:4-7

Altars:
Vehumet

Annotations:
D:4 Pikel


Message History

Pikel completely misses you.
You closely miss Pikel.
Pikel is heavily wounded.
Pikel hits you but does no damage.
You hit Pikel but do no damage.
Pikel is heavily wounded.
Pikel barely misses you.
You are fainting from starvation!
You closely miss Pikel.
Pikel is heavily wounded.
You lose consciousness!
Pikel hits you but does no damage.
Pikel hits you with a whip of electrocution.
* * * LOW HITPOINT WARNING * * *
Pikel hits you with a whip of electrocution.
* * * LOW HITPOINT WARNING * * *
Pikel hits you with a whip of electrocution.
* * * LOW HITPOINT WARNING * * *
Pikel hits you with a whip of electrocution.
You die...

#...# ###...###
#.......# #.......#
#.......# ###...###
#.o.# ##K## #@#
#.###.#######
#..........#
##.#.#####.# ########
#.##(#####.###.......
#.#
#.##..........#.#. ##
#.##.##.###...#.#.
#... ...# #####.#.
####.#### #.#


You could see Pikel and an orc.

Vanquished Creatures
  2 slaves (D:4)
  Crazy Yiuf (D:2)
  Jessica (D:2)
  Robin (D:2)
  3 gnolls (D:3)
  4 adders
  A worm (D:3)
  2 dart slugs
  5 giant geckos
  11 giant cockroaches
  19 goblins
  11 hobgoblins
  4 jackals
  12 kobolds
  3 quokkas
  A ball python (D:2)
  11 bats
  8 giant newts
  15 rats
  A fungus (D:1)
  2 plants (D:1)
118 creatures vanquished.

Notes
Turn   | Place    | Note
--------------------------------------------------------------
     0 | D:1      | MTVSty1e the Hill Orc Fighter began the quest for the Orb.
     0 | D:1      | Reached XP level 1. HP: 19/19 MP: 1/1
   282 | D:1      | Reached XP level 2. HP: 23/27 MP: 2/2
   676 | D:1      | Reached XP level 3. HP: 24/33 MP: 3/3
  1363 | D:2      | Noticed Robin
  1383 | D:2      | Killed Robin
  1391 | D:2      | Reached skill level 4 in Armour
  1694 | D:2      | Reached XP level 4. HP: 39/40 MP: 4/4
  1728 | D:2      | Noticed Jessica
  1733 | D:2      | Killed Jessica
  1951 | D:2      | Found a radiant altar of Vehumet.
  2251 | D:2      | Noticed Crazy Yiuf
  2262 | D:2      | Killed Crazy Yiuf
  2262 | D:2      | Reached XP level 5. HP: 11/47 MP: 5/5
  2911 | D:3      | Paralysed by fainting for 6 turns
  3130 | D:3      | Reached skill level 1 in Dodging
  3381 | D:3      | Reached skill level 1 in Staves
  3381 | D:3      | Reached XP level 6. HP: 53/53 MP: 6/6
  3385 | D:3      | Reached skill level 5 in Armour
  4058 | D:4      | Noticed a slave
  4060 | D:4      | Noticed Pikel
  4061 | D:4      | Noticed a slave
  4071 | D:4      | Killed a slave
  4079 | D:4      | Killed a slave
  4085 | D:4      | Paralysed by fainting for 7 turns
  4088 | D:4      | Slain by Pikel

Skill      XL: |  1  2  3  4  5  6 |
---------------+-------------------+-----
Fighting       | 4 |  4.7
Armour         | 4 5 |  5.0
Shields        | 4 |  4.2
Long Blades    | 3 |  3.1
Dodging        | 1 |  1.2
Staves         | 1 |  1.1
Stealth        | |  0.1

Action                   |  1- 3 |  4- 6 || total
-------------------------+-------+-------++-------
Melee: Long sword        |   212 |    84 ||   296
       Quarterstaff      |       |   159 ||   159
  Use: Scroll            |     2 |     6 ||     8
       Potion            |     1 |     1 ||     2
 Stab: Confused          |       |     1 ||     1
       Paralysed         |       |     3 ||     3
  Eat: Bread ration      |     1 |     1 ||     2
Armor: Scale mail        |   108 |   167 ||   275
Dodge: Dodged            |    76 |   157 ||   233
Block: Shield            |   132 |    57 ||   189
